SAAA
TREMONT DOUBLEDAYS @ BANGOR TRIDENT BASE OGRES
08/13/2019
 
TOP OF THE 1ST
Tremont Doubledays batting - Pitching for Bangor Trident Base Ogres : RHP Ángelo Cabrera
Pitching: RHP Ángelo Cabrera
Batting: RHB Dan Curtis 0-0: Foul Ball, location: 2F
0-1: Ball
1-1: Swinging Strike
1-2: Ball
2-2: Ball
3-2: Strikes out swinging
Batting: LHB Félix López 0-0: Foul Ball, location: 2F
0-1: Ball
1-1: SINGLE (Groundball, 6MD)
Batting: RHB Kazunori Ito 0-0: Called Strike
0-1: Ball
1-1: Ball
2-1: Foul Ball, location: 2F
2-2: Foul Ball, location: 2F
2-2: Strikes out swinging
Batting: SHB Todd Hill 0-0: Swinging Strike
0-1: Ball
1-1: Ball
2-1: Foul Ball, location: 2F
2-2: Foul Ball, location: 2F
2-2: Ball
3-2: Base on Balls
Félix López to second
Batting: SHB Carroll Kline 0-0: Ball
1-0: Foul Ball, location: 2F
1-1: Called Strike
1-2: Ball
2-2: Ground out U3 (Groundball, 3)
Top of the 1st over - 0 run(s), 1 hit(s), 0 error(s), 2 left on base; Tremont 0 - Bangor Trident Base 0
BOTTOM OF THE 1ST
Bangor Trident Base Ogres batting - Pitching for Tremont Doubledays : RHP Fernando Reyna
Pitching: RHP Fernando Reyna
Batting: RHB Monty Sharp 0-0: Called Strike
0-1: Ball
1-1: Ball
2-1: Called Strike
2-2: Ball
3-2: Fly out, F9 (Flyball, 89M)
Batting: RHB Joe Runyon 0-0: Called Strike
0-1: Fly out, F8 (Flyball, 8LM)
Batting: RHB Calvin Fleming 0-0: Ball
1-0: Foul Ball, location: 2F
1-1: Swinging Strike
1-2: Strikes out swinging
Bottom of the 1st over - 0 run(s), 0 hit(s), 0 error(s), 0 left on base; Tremont 0 - Bangor Trident Base 0
TOP OF THE 2ND
Tremont Doubledays batting - Pitching for Bangor Trident Base Ogres : RHP Ángelo Cabrera
Batting: RHB Iván Ríos 0-0: Foul Ball, location: 2F
0-1: Ball
1-1: Ball
2-1: Foul Ball, location: 2F
2-2: DOUBLE (Flyball, 8RM)
Batting: RHB Steven Poe 0-0: Fly out, F8 (Flyball, 78S)
Batting: SHB Colm Neal 0-0: Ball
1-0: Ball
2-0: Foul Ball, location: 2F
2-1: Swinging Strike
2-2: Foul Ball, location: 2F
2-2: Ball
3-2: Strikes out swinging
Batting: RHB William Gaines 0-0: Ball
1-0: Called Strike
1-1: Ball
2-1: Ground out 1-3 (Groundball, 25)
Top of the 2nd over - 0 run(s), 1 hit(s), 0 error(s), 1 left on base; Tremont 0 - Bangor Trident Base 0
BOTTOM OF THE 2ND
Bangor Trident Base Ogres batting - Pitching for Tremont Doubledays : RHP Fernando Reyna
Batting: LHB Bernardo Elías 0-0: Called Strike
0-1: Foul Ball, location: 2F
0-2: Ball
1-2: Foul Ball, location: 2F
1-2: Ball
2-2: Foul Ball, location: 2F
2-2: Reached on Error, E7 (Flyball, 78M)
Batting: RHB Jeremy Christensen 0-0: Grounds into double play, U6-3 (Groundball, 6M)
Batting: RHB Hubert Dodson 0-0: Foul Ball, location: 2F
0-1: Swinging Strike
0-2: Ball
1-2: Strikes out looking
Bottom of the 2nd over - 0 run(s), 0 hit(s), 1 error(s), 0 left on base; Tremont 0 - Bangor Trident Base 0
TOP OF THE 3RD
Tremont Doubledays batting - Pitching for Bangor Trident Base Ogres : RHP Ángelo Cabrera
Batting: RHB Dan Curtis 0-0: Ball
1-0: DOUBLE (Line Drive, 89M)
Batting: LHB Félix López 0-0: Ball
1-0: Called Strike
1-1: Called Strike
1-2: SINGLE (Groundball, 13) (infield hit)
Dan Curtis to third
Batting: RHB Kazunori Ito 0-0: Called Strike
0-1: Ball
1-1: Swinging Strike
1-2: Fly out, F9 (Flyball, 9LM)
Runner from 3rd tags up, SCORES, no throw
Batting: SHB Todd Hill 0-0: SINGLE (Groundball, 34D)
Félix López to second
Runner from 2nd tries for 3rd, SAFE, throw made to third
Batting: SHB Carroll Kline 0-0: Ball
1-0: Swinging Strike
1-1: Ball
2-1: Ball
3-1: Base on Balls
Todd Hill to second
Batting: RHB Iván Ríos 0-0: Called Strike
0-1: Ball
1-1: Ball
2-1: Ball
3-1: SINGLE (Groundball, 34)
Félix López scores
Todd Hill to third
Carroll Kline to second
Runner from 3rd tries for Home, SAFE, throw made home
Batting: RHB Steven Poe 0-0: Called Strike
0-1: Foul Ball, location: 2F
0-2: Foul Ball, location: 2F
0-2: Foul Ball, location: 2F
0-2: Ball
1-2: SINGLE (Line Drive, 56D)
Carroll Kline to third
Iván Ríos to second
Batting: SHB Colm Neal 0-0: Called Strike
0-1: Ball
1-1: Foul Ball, location: 2F
1-2: Foul Ball, location: 2F
1-2: SINGLE (Groundball, 5D)
Carroll Kline scores
Iván Ríos to third
Steven Poe to second
Runner from 3rd tries for Home, SAFE, throw made home
Steven Poe to third
Colm Neal to second
Batting: RHB William Gaines 0-0: Ball
1-0: Foul Ball, location: 2F
1-1: SINGLE (Flyball, 6MD)
Steven Poe scores
Colm Neal to third
Runner from 3rd tries for Home, SAFE, no throw or cutoff
Pitching: RHP Júlio Villegas
Batting: RHB Dan Curtis 0-0: Ball
1-0: Ball
2-0: Ball
3-0: Base on Balls
William Gaines to second
Batting: LHB Félix López 0-0: Called Strike
0-1: Ball
1-1: Fly out, F3 (Popup, 3SF)
Batting: RHB Kazunori Ito 0-0: Swinging Strike
0-1: Called Strike
0-2: Ball
1-2: Ball
2-2: Ball
3-2: Fly out, F8 (Flyball, 89XD)
Top of the 3rd over - 7 run(s), 7 hit(s), 0 error(s), 2 left on base; Tremont 7 - Bangor Trident Base 0
BOTTOM OF THE 3RD
Bangor Trident Base Ogres batting - Pitching for Tremont Doubledays : RHP Fernando Reyna
Batting: RHB Walt Richard 0-0: Called Strike
0-1: Ball
1-1: Ball
2-1: Ground out 2-3 (Groundball, 2L)
Batting: RHB Jon Erickson 0-0: Ball
1-0: Reached on Error, E4 (Popup, 4D)
Batting: RHB David Morales 0-0: Swinging Strike
0-1: Ball
1-1: Called Strike
1-2: Ball
2-2: Strikes out swinging
Batting: RHB Monty Sharp 0-0: Ball
1-0: Ball
2-0: Called Strike
2-1: Foul Ball, location: 2F
2-2: Ball
3-2: Foul Ball, location: 2F
3-2: Fly out, F9 (Flyball, 89S)
Bottom of the 3rd over - 0 run(s), 0 hit(s), 1 error(s), 1 left on base; Tremont 7 - Bangor Trident Base 0
TOP OF THE 4TH
Tremont Doubledays batting - Pitching for Bangor Trident Base Ogres : RHP Júlio Villegas
Batting: SHB Todd Hill 0-0: Ball
1-0: Ball
2-0: Called Strike
2-1: Ground out 6-3 (Groundball, 6)
Batting: SHB Carroll Kline 0-0: Ground out 5-3 (Groundball, 5)
Batting: RHB Iván Ríos 0-0: Ball
1-0: Ball
2-0: Called Strike
2-1: Swinging Strike
2-2: Strikes out swinging
Top of the 4th over - 0 run(s), 0 hit(s), 0 error(s), 0 left on base; Tremont 7 - Bangor Trident Base 0
BOTTOM OF THE 4TH
Bangor Trident Base Ogres batting - Pitching for Tremont Doubledays : RHP Fernando Reyna
Batting: RHB Joe Runyon 0-0: Called Strike
0-1: Ball
1-1: Swinging Strike
1-2: Ball
2-2: Ball
3-2: Base on Balls
Batting: RHB Calvin Fleming 0-0: Ball
1-0: Swinging Strike
1-1: Ball
2-1: Ground out 3-1 (Groundball, 34)
Joe Runyon to second
Batting: LHB Bernardo Elías 0-0: SINGLE (Line Drive, 34D)
Joe Runyon to third
Runner from 3rd tries for Home, SAFE, no throw or cutoff
Batting: RHB Jeremy Christensen 0-0: Called Strike
0-1: Fly out, F9 (Flyball, 9M)
Batting: RHB Hubert Dodson 0-0: Ball
1-0: Ball
2-0: Ball
3-0: Called Strike
3-1: Base on Balls
Bernardo Elías to second
Batting: RHB Walt Richard 0-0: Called Strike
0-1: Ball
1-1: Ball
Wild Pitch!
Bernardo Elías to third
Hubert Dodson to second
2-1: Ball
3-1: SINGLE (Line Drive, 56D)
Bernardo Elías scores
Hubert Dodson to third
Runner from 3rd tries for Home, SAFE, no throw or cutoff
Batting: RHB Jon Erickson 0-0: Foul Ball, location: 2F
0-1: Ball
1-1: DOUBLE (Line Drive, 78D)
Walt Richard to third
Batting: RHB David Morales 0-0: SINGLE (Groundball, 56D)
Walt Richard scores
Jon Erickson to third
Runner from 3rd tries for Home, SAFE, no throw or cutoff
Pitching: LHP Joaquín Velázquez
Batting: RHB Monty Sharp 0-0: Ball
1-0: Ground out 5-3 (Groundball, 5)
Bottom of the 4th over - 5 run(s), 4 hit(s), 0 error(s), 1 left on base; Tremont 7 - Bangor Trident Base 5
TOP OF THE 5TH
Tremont Doubledays batting - Pitching for Bangor Trident Base Ogres : RHP Júlio Villegas
Batting: RHB Steven Poe 0-0: Fly out, F7 (Line Drive, 7LM)
Batting: SHB Colm Neal 0-0: Ball
1-0: Ball
2-0: Ball
3-0: Called Strike
3-1: Called Strike
3-2: SINGLE (Flyball, 7LS)
Batting: RHB William Gaines 0-0: Ball
Colm Neal steals 2nd base
1-0: Swinging Strike
1-1: Swinging Strike
1-2: Strikes out looking
Batting: RHB Dan Curtis 0-0: Foul Ball, location: 2F
0-1: Foul Ball, location: 2F
0-2: Ball
1-2: Strikes out looking
Top of the 5th over - 0 run(s), 1 hit(s), 0 error(s), 1 left on base; Tremont 7 - Bangor Trident Base 5
BOTTOM OF THE 5TH
Bangor Trident Base Ogres batting - Pitching for Tremont Doubledays : LHP Joaquín Velázquez
Batting: RHB Joe Runyon 0-0: Ball
1-0: Ground out 6-3 (Groundball, 6M)
Batting: RHB Calvin Fleming 0-0: Ball
1-0: Called Strike
1-1: Ground out 3-1 (Groundball, 3)
Batting: LHB Bernardo Elías 0-0: Called Strike
0-1: Foul Ball, location: 2F
0-2: Foul Ball, location: 2F
0-2: Ball
1-2: Ball
2-2: SINGLE (Groundball, 34D)
Batting: RHB Jeremy Christensen 0-0: Called Strike
0-1: Ball
1-1: Ball
2-1: DOUBLE (Line Drive, 9LM)
Bernardo Elías to third
Runner from 3rd tries for Home, SAFE, no throw or cutoff
Batting: RHB Hubert Dodson 0-0: Ball
Wild Pitch!
Jeremy Christensen to third
1-0: Ball
2-0: Ball
3-0: Base on Balls
Batting: RHB Walt Richard 0-0: Called Strike
0-1: SINGLE (Groundball, 3S)
Jeremy Christensen scores
Hubert Dodson to second
Runner from 2nd tries for 3rd, SAFE, throw made to third
Batting: RHB Jon Erickson 0-0: Called Strike
0-1: Ball
1-1: Ball
2-1: Foul Ball, location: 2F
2-2: Ball
3-2: Base on Balls
Walt Richard to second
Batting: RHB David Morales 0-0: Called Strike
0-1: Ground out 5-3 (Groundball, 5)
Bottom of the 5th over - 2 run(s), 3 hit(s), 0 error(s), 3 left on base; Tremont 7 - Bangor Trident Base 7
TOP OF THE 6TH
Tremont Doubledays batting - Pitching for Bangor Trident Base Ogres : RHP Júlio Villegas
Batting: LHB Félix López 0-0: Called Strike
0-1: Ball
1-1: Ball
2-1: Ground out 6-3 (Groundball, 6)
Batting: RHB Kazunori Ito 0-0: Ground out 4-3 (Groundball, 4)
Batting: SHB Todd Hill 0-0: Foul Ball, location: 2F
0-1: Ball
1-1: Swinging Strike
1-2: SINGLE (Flyball, 9LS)
Pitching: RHP Shannon Lambright
Batting: SHB Carroll Kline 0-0: Called Strike
0-1: Ball
1-1: Fly out, F9 (Flyball, 89M)
Top of the 6th over - 0 run(s), 1 hit(s), 0 error(s), 1 left on base; Tremont 7 - Bangor Trident Base 7
BOTTOM OF THE 6TH
Bangor Trident Base Ogres batting - Pitching for Tremont Doubledays : LHP Joaquín Velázquez
Pitching: RHP Larry Branch
Batting: RHB Monty Sharp 0-0: Called Strike
0-1: Ball
1-1: Foul Ball, location: 2F
1-2: Strikes out swinging
Batting: RHB Joe Runyon 0-0: DOUBLE (Line Drive, 8RM)
Batting: RHB Calvin Fleming 0-0: Foul Ball, location: 2F
0-1: Called Strike
0-2: Reached on error, E5 (Groundball, 56S)
Joe Runyon to third
Batting: LHB Bernardo Elías 0-0: Ball
1-0: Swinging Strike
1-1: Swinging Strike
1-2: Grounds into double play, 4-6-3 (Groundball, 34)
Bottom of the 6th over - 0 run(s), 1 hit(s), 1 error(s), 1 left on base; Tremont 7 - Bangor Trident Base 7
TOP OF THE 7TH
Tremont Doubledays batting - Pitching for Bangor Trident Base Ogres : RHP Shannon Lambright
Pinch Hitting: LHB Jarred Smith 0-0: Ball
1-0: Foul Ball, location: 2F
1-1: Ball
2-1: Swinging Strike
2-2: Fly out, F7 (Flyball, 7LMF)
Pinch Hitting: RHB Raúl Catuncan 0-0: Fly out, F8 (Flyball, 8LM)
Batting: SHB Colm Neal 0-0: Ball
1-0: Foul Ball, location: 2F
1-1: Fly out, F7 (Line Drive, 78M)
Top of the 7th over - 0 run(s), 0 hit(s), 0 error(s), 0 left on base; Tremont 7 - Bangor Trident Base 7
BOTTOM OF THE 7TH
Bangor Trident Base Ogres batting - Pitching for Tremont Doubledays : RHP Larry Branch
Now at 1B: Jarred Smith
Now at 2B: Raúl Catuncan
Batting: RHB Jeremy Christensen 0-0: Ground out 2-3 (Groundball, 25)
Batting: RHB Hubert Dodson 0-0: Ball
1-0: Called Strike
1-1: DOUBLE (Line Drive, 7LM)
Pinch Hitting: RHB Jim Unknown 0-0: Intentional Walk
Pinch Hitting: LHB Alex Ford 0-0: Ball
1-0: Called Strike
1-1: Ball
2-1: Grounds into double play, 4-6-3 (Groundball, 4)
Bottom of the 7th over - 0 run(s), 1 hit(s), 0 error(s), 1 left on base; Tremont 7 - Bangor Trident Base 7
TOP OF THE 8TH
Tremont Doubledays batting - Pitching for Bangor Trident Base Ogres : RHP Shannon Lambright
Now at 1B: Tyrone Graham
Now at 3B: Jim Unknown
Pinch Hitting: RHB Roy Clay 0-0: Foul Ball, location: 2F
0-1: Swinging Strike
0-2: Ball
1-2: Ball
2-2: SINGLE (Line Drive, 78S)
Pinch Hitting: LHB Zachary Pullen 0-0: Called Strike
0-1: Ball
1-1: Ball
2-1: Ball
3-1: Grounds into double play, 6-4-3 (Groundball, 6M)
Batting: LHB Félix López 0-0: Ball
1-0: Ball
2-0: DOUBLE (Line Drive, 9LS)
Batting: RHB Kazunori Ito 0-0: Ball
1-0: Foul Ball, location: 2F
1-1: Foul Ball, location: 2F
1-2: Ball
2-2: Foul Ball, location: 2F
2-2: Foul Ball, location: 2F
2-2: Foul Ball, location: 2F
2-2: Foul Ball, location: 2F
2-2: Foul Ball, location: 2F
2-2: Fly out, F5 (Line Drive, 5)
Top of the 8th over - 0 run(s), 2 hit(s), 0 error(s), 1 left on base; Tremont 7 - Bangor Trident Base 7
BOTTOM OF THE 8TH
Bangor Trident Base Ogres batting - Pitching for Tremont Doubledays : RHP Larry Branch
Pitching: RHP Hänsel Freeh
Now at 3B: Bryan Wilson
Now in LF: Zachary Pullen
Pinch Hitting: LHB Gerald Holloway 0-0: Ball
1-0: Ball
2-0: SINGLE (Flyball, 7LS)
Batting: RHB Monty Sharp 0-0: Bunted foul
0-1: Bunted foul
0-2: Strikes out swinging
Batting: RHB Joe Runyon 0-0: Ground out 5-3 (Groundball, 5S)
Gerald Holloway to second
Batting: RHB Calvin Fleming 0-0: Ground out 5-3 (Groundball, 5)
Bottom of the 8th over - 0 run(s), 1 hit(s), 0 error(s), 1 left on base; Tremont 7 - Bangor Trident Base 7
TOP OF THE 9TH
Tremont Doubledays batting - Pitching for Bangor Trident Base Ogres : RHP Shannon Lambright
Now in RF: Gerald Holloway
Batting: SHB Todd Hill 0-0: Reaches on Catchers interference
Pitching: RHP Millard Kessler
Batting: SHB Carroll Kline 0-0: Foul Ball, location: 2F
0-1: Ball
1-1: Ball
Todd Hill is caught stealing 2nd base
2-1: SOLO HOME RUN (Flyball, 7D), Distance : 418 ft
Batting: LHB Jarred Smith 0-0: Swinging Strike
0-1: Swinging Strike
0-2: Ball
1-2: Ball
2-2: Fly out, F7 (Line Drive, 7S)
Batting: RHB Raúl Catuncan 0-0: Foul Ball, location: 2F
0-1: Foul Ball, location: 2F
0-2: Strikes out swinging
Top of the 9th over - 1 run(s), 1 hit(s), 1 error(s), 0 left on base; Tremont 8 - Bangor Trident Base 7
BOTTOM OF THE 9TH
Bangor Trident Base Ogres batting - Pitching for Tremont Doubledays : RHP Hänsel Freeh
Pitching: LHP Víctor Sánchez
Pinch Hitting: SHB Troy Grant 0-0: Ball
1-0: Ball
2-0: Ball
3-0: Base on Balls
Batting: RHB Jeremy Christensen 0-0: Called Strike
0-1: Called Strike
0-2: Ball
1-2: Ball
2-2: Fly out, F7 (Flyball, 78M)
Batting: RHB Hubert Dodson 0-0: Ball
1-0: Grounds into double play, 6-4-3 (Groundball, 6)
Bottom of the 9th over - 0 run(s), 0 hit(s), 0 error(s), 0 left on base; Tremont 8 - Bangor Trident Base 7
This league is powered by Out of the Park Baseball, the baseball management simulation game for PC, Mac and Linux
Saturday, July 25th, 2015 - OOTP Baseball 15.6 Build 34